 Dungeon Crawl Stone Soup version 0.18.1-8-gdd0e5ea (webtiles) character file.

86 Esekla the Vexing (level 4, 0/35 HPs)
             Began as a Formicid Enchanter on May 21, 2016.
             Succumbed to an adder's poison
             ... on level 2 of the Dungeon.
             The game lasted 00:16:45 (2221 turns).

Esekla the Vexing (Formicid Enchanter)              Turns: 2221, Time: 00:16:46

Health: 0/35       AC:  3    Str: 13    XL:     4   Next: 77%
Magic:  7/7        EV: 12    Int: 15    God:
Gold:   81         SH:  0    Dex: 11    Spells: 3 memorised, 0 levels left

rFire  + . .     SeeInvis +     h - -2 dagger (curse)
rCold  . . .     Gourm    .     b - +1 robe
rNeg   . . .     Faith    .     (no shield)
rPois  .         Spirit   .     (helmet unavailable)
rElec  .         Dismiss  .     (no cloak)
rCorr  .         Reflect  .     (no gloves)
SustAt .         Harm     .     (no boots)
MR     .....                    (no amulet)
Stlth  ++........               l - ring of protection from fire
                                e - ring of wizardry

@: lethally poisoned (0 -> -20), not resistant to hostile enchantments,
unstealthy
A: permanent stasis, dig shafts and tunnels, four strong arms, antennae 3
a: Dig, Shaft Self


You were on level 2 of the Dungeon.
You were not hungry.

You visited 1 branch of the dungeon, and saw 2 of its levels.

You collected 81 gold pieces.

Inventory:

Hand Weapons
 a - a +1 dagger
 h - a cursed -2 dagger (weapon)
 o - a +0 dagger
 r - a +0 whip of pain
Armour
 b - a +1 robe (worn)
 m - a +0 ring mail
Jewellery
 e - a ring of wizardry (left hand)
 l - a ring of protection from fire (right hand)
Wands
 k - a wand of polymorph (10/24)
Books
 c - a book of Maledictions

   Spells                             Type                      Level
   a - Corona                         Hexes                        1
   b - Ensorcelled Hibernation        Hexes/Ice                    2
   c - Confuse                        Hexes                        3
   d - Tukima's Dance                 Hexes                        3
   e - Dazzling Spray                 Conjuration/Hexes            3
Comestibles
 d - a bread ration
 j - a meat ration
 q - a beef jerky


   Skills:
 - Level 3.1 Fighting
 * Level 1.6 Short Blades
 - Level 2.1 Dodging
 - Level 3.6 Stealth
 + Level 2.4 Spellcasting
 - Level 4.1 Hexes


You couldn't memorise any spells.
You knew the following spells:

 Your Spells              Type           Power        Failure   Level  Hunger
a - Corona                Hex            ##.....      1%          1    #......
b - Tukima's Dance        Hex            ##......     6%          3    ###....
c - Confuse               Hex            ##......     6%          3    ###....


Dungeon Overview and Level Annotations

Branches:
Dungeon (2/15)

Altars:


Innate Abilities, Weirdness & Mutations

You are under a permanent stasis effect.
You can dig through walls and to a lower floor.
Your four strong arms can wield two-handed weapons with a shield.
You have a pair of large antennae on your head (SInv).


Message History

You feel sick. The adder barely misses you.
You miss the adder.
The adder is severely wounded.
* * * LOW HITPOINT WARNING * * *
You feel sick. The adder bites you.
* * * LOW HITPOINT WARNING * * *
You are more poisoned.
The adder poisons you!
You miss the adder.
The adder is severely wounded.
* * * LOW HITPOINT WARNING * * *
You feel sick. The adder closely misses you.
The adder bites you but does no damage.
You hit the adder.
The adder is almost dead.
* * * LOW HITPOINT WARNING * * *
You feel sick. The adder closely misses you.
You hit the adder.
You kill the adder!
You die...

<..###.#,,.....# #........##.#
####...#,,.....## #.....##.##.##
#.#####......###...........<#
####...#........#.......######.#
....##.#........#.#..)..# #.#
###.##..........#.###†### #.#
*#.#.#.#.#.###.#.###.## #.#
#....§§##.............# ***#.#*
#.##§#§#§#####.@....#.# *,,...,
#.*##§§§..............# *,*#.#*
#.* ##§#########.####.#* *,**,**
#.* ### ****#.# *..* *,,,,,, *,*
*,,,..# *..* *,**,** *.# *,*#*##
*..# *,**,** #.# *,*
*,,***,,,,,, #.# *>*
*,,,,*,*,,,, #.# *,*
*****,*,,*,,,,,,


There were no monsters in sight!

Vanquished Creatures
  3 adders
  An ooze (D:1)
  A worm (D:2)
  2 dart slugs (D:1)
  A giant gecko (D:1)
  3 giant cockroaches
  9 hobgoblins
  6 jackals
  A ball python (D:1)
  7 bats
  2 giant newts
  3 goblins
  2 kobolds (D:1)
  4 rats
45 creatures vanquished.

Notes
Turn   | Place    | Note
--------------------------------------------------------------
     0 | D:1      | Esekla the Formicid Enchanter began the quest for the Orb.
     0 | D:1      | Reached XP level 1. HP: 13/13 MP: 3/3
   289 | D:1      | Reached skill level 1 in Fighting
   366 | D:1      | Reached XP level 2. HP: 21/21 MP: 5/5
   554 | D:1      | Reached XP level 3. HP: 5/28 MP: 4/6
   561 | D:1      | Learned a level 3 spell: Tukima's Dance
  1582 | D:2      | Reached XP level 4. HP: 23/35 MP: 5/7
  1843 | D:2      | Reached skill level 4 in Hexes
  2051 | D:2      | Learned a level 3 spell: Confuse
  2221 | D:2      | Succumbed to an adder's poison

Skill      XL: |  1  2  3  4 |
---------------+-------------+-----
Fighting       | 1 2 3 |  3.1
Dodging        | 2 |  2.1
Hexes          | 4 |  4.1
Short Blades   | |  1.6
Stealth        | |  3.6
Spellcasting   | |  2.4

Action                   |  1- 3 |  4- 6 || total
-------------------------+-------+-------++-------
Melee: Dagger            |   131 |    64 ||   195
 Cast: Corona            |    10 |     4 ||    14
  Use: Scroll            |       |     4 ||     4
 Stab: Sleeping          |     4 |     5 ||     9
  Eat: Bread ration      |     1 |       ||     1
Armor: Robe              |    19 |    10 ||    29
Dodge: Dodged            |    71 |    44 ||   115
